Map: Automaton LE

Players

DnS - Winner!

  • Race: Protoss Protoss
  • Spawn Location: 9:00

HolyHit

  • Race: Protoss Protoss
  • Spawn Location: 3:00

Event: 2019 WCS Spring

VOD

Have the link to the VOD?

Description

Time

  • Played on: May 17, 2019, 6:57 a.m.
  • Length: 4:48

All games in this series

Show
View Real Time Build Order
Export as new Build Order

DnS Protoss - Winner!

Build Orders: Oracle Opening 

Get SALT Encoding   

  12  0:00  Probe  
  13  0:12  Probe  
  14  0:18  Pylon  
  14  0:24  Probe  
  15  0:32  Probe  
  15  0:38  Gateway  
  15  0:40  Probe  
  16  0:47  Assimilator  
  17  0:51  Probe  
  17  0:55  Assimilator  
  18  1:00  Probe  
  19  1:08  Probe  
  19  1:09  Gateway  
  19  1:17  Probe  
  21  1:26  Cybernetics Core  
  21  1:29  Probe  
  22  1:37  Pylon  
  22  1:41  Probe  
  23  1:55  Probe  
  24  2:03  Stalker  
  24  2:04  Warp Gate, Sentry  
  28  2:14  Pylon  
  28  2:30  Pylon  
  28  2:35  Stargate  
  28  2:39  Stalker  
  30  2:47  Stalker  
  32  3:02  Nexus  
  32  3:05  Probe  
  33  3:09  Oracle  
  36  3:24  Probe  
  37  3:29  Pylon  
  37  3:47  Shield Battery  
  40  3:52  Stalker x2  
  41  3:56  Pylon  
  41  4:13  Probe  
  41  4:16  Stalker  
  44  4:17  Stalker  
  44  4:18  Probe  
  35  4:39  Stalker  
  35  4:42  Stalker  
Show
View Real Time Build Order
Export as new Build Order

HolyHit Protoss 

Build Orders: Oracle Opening 

Get SALT Encoding   

  12  0:00  Probe  
  13  0:13  Probe  
  14  0:18  Pylon  
  14  0:24  Probe  
  15  0:32  Probe  
  15  0:38  Gateway  
  15  0:40  Probe  
  16  0:48  Assimilator  
  17  0:51  Probe  
  17  0:56  Assimilator  
  18  1:01  Probe  
  19  1:09  Probe  
  19  1:12  Gateway  
  19  1:17  Probe  
  21  1:26  Cybernetics Core  
  21  1:30  Probe  
  22  1:36  Pylon  
  22  1:42  Probe  
  23  1:54  Probe  
  24  2:02  Stalker  
  24  2:03  Stalker, Warp Gate  
  29  2:14  Pylon  
  28  2:21  Pylon  
  28  2:32  Stalker  
  28  2:34  Stalker  
  32  2:41  Stargate  
  32  3:02  Pylon  
  32  3:03  Stalker  
  32  3:04  Stalker  
  36  3:28  Oracle  
  36  3:36  Nexus  
  39  3:53  Stalker  
  41  3:55  Stalker  
  41  4:02  Probe  
  44  4:16  Pylon  
Tags
 
Add a new tag
Caveats
  • Supply blocks, unpowered buildings, or Contaminate may cause inaccurate times.
  • Supply counts are checked every 10 seconds.